 Dungeon Crawl Stone Soup version 0.24-b1-30-g840c9efd86 (webtiles) character file.

Game seed: 9613304459239279358, levelgen mode: deterministic

119 Mesmaeker13 the Ducker (level 4, -7/37 HPs)
             Began as a Demigod Skald on Oct 24, 2019.
             Killed from afar by an orc wizard (10 damage)
             ... with a magic dart
             ... on level 4 of the Dungeon.
             The game lasted 00:03:17 (2914 turns).

Mesmaeker13 the Ducker (Demigod Skald)              Turns: 2914, Time: 00:03:18

Health: -7/37      AC:  9    Str: 16    XL:     4   Next: 47%
Magic:  5/9        EV: 10    Int: 17    God:
Gold:   88         SH:  0    Dex: 15    Spells: 5/6 levels left

rFire    . . .     SeeInvis .   a - +0 falchion
rCold    . . .     Gourm    .   (no shield)
rNeg     . . .     Faith    .   j - +0 scale mail
rPois    .         Spirit   .   (no helmet)
rElec    .         Reflect  .   (no cloak)
rCorr    .         Harm     .   b - +0 pair of gloves
MR       .....                  e - +1 pair of boots {Fly}
Stlth    ..........             (no amulet)
HPRegen  0.12/turn              (no ring)
MPRegen  0.11/turn              (no ring)

@: flying
A: high mp 1
a: Stop Flying


You were on level 4 of the Dungeon.
You were not hungry.

You visited 1 branch of the dungeon, and saw 4 of its levels.

You collected 88 gold pieces.

Inventory:

Hand Weapons
 a - a +0 falchion (weapon)
 f - a +1 dagger of holy wrath
Missiles
 h - 6 boomerangs (quivered)
Armour
 b - a +0 pair of gloves (worn)
 e - a +1 pair of boots of flying (worn)
 j - a +0 scale mail (worn)
Jewellery
 n - an uncursed ring of flight
Scrolls
 g - a scroll of amnesia
 i - a scroll of teleportation
Potions
 c - a potion of mutation {unknown}
 l - a potion of ambrosia {unknown}
Comestibles
 d - 7 rations


   Skills:
 + Level 2.7 Fighting
 + Level 2.6 Long Blades
 + Level 2.1 Armour
 + Level 2.7 Dodging
 - Level 1.7 Spellcasting
 - Level 2.6 Charms


You had 5 spell levels left.
You knew the following spells:

 Your Spells              Type           Power        Failure   Level  Hunger
a - Infusion              Chrm           ##..         24%         1    #......

Your spell library contained the following spells:

 Spells                   Type           Power        Failure   Level  Hunger
 Song of Slaying          Chrm           ##......     36%         2    ###....
 Shroud of Golubria       Chrm/Tloc      #.....       54%         2    ###....
 Regeneration             Chrm/Necr      #.........   77%         3    ###....
 Spectral Weapon          Hex/Chrm       #.......     77%         3    ###....


Dungeon Overview and Level Annotations

Branches:
Dungeon (4/15)
 Temple: D:4-7

Annotations:
D:2 1 runed translucent door, Crazy Yiuf
D:3 Sigmund


Innate Abilities, Weirdness & Mutations

You have an increased reservoir of magic. (+10% MP)


Message History

The puff of flame hits you. The phantom hits you.
* * * LOW HITPOINT WARNING * * *
The phantom blinks!
You barely miss something.
You hear some strange, mumbled words.
Something tries to affect you, but you resist.
Your magical contamination has completely faded away.
You closely miss something.
A quokka comes into view.
Something hits you but does no damage.
The quokka moves out of view.
You miss something.
You hear some strange, mumbled words.
A magic dart appears from out of thin air!
The magic dart hits you.
* * * LOW HITPOINT WARNING * * *
The phantom blinks!
You hear some strange, mumbled words.
A magic dart appears from out of thin air!
The magic dart hits you!
You die...

.# .§............. ##########
#.#.#.<.......
###...##.#######..............
................#.#.#.........
..............................
...............##.#.##...###..
.............W.#.........# .
...............§#{#.#.....
................@..........
................#.#.#...
###################


You could see a phantom.

Vanquished Creatures
  Jessica (D:3)
  Terence (D:2)
  3 adders
  An adder skeleton (D:4)
  A worm (D:2)
  2 dart slugs (D:1)
  A leopard gecko (D:2)
  An orc (D:4)
  7 goblins
  A hobgoblin (D:3)
  5 jackals
  2 bats (D:1)
  A frilled lizard (D:1)
  8 rats
35 creatures vanquished.

Notes
Turn   | Place    | Note
-------+----------+-------------------------------------------
     0 | D:1      | Mesmaeker13 the Demigod Skald began the quest for the Orb.
     0 | D:1      | Reached XP level 1. HP: 17/17 MP: 5/5
   155 | D:1      | Reached skill level 1 in Armour
   436 | D:1      | Reached XP level 2. HP: 24/24 MP: 7/7
   606 | D:1      | Found a sparkling altar of Nemelex Xobeh.
  1254 | D:2      | Noticed Terence
  1267 | D:2      | Killed Terence
  1267 | D:2      | Reached XP level 3. HP: 22/30 MP: 4/8
  1400 | D:2      | Found a blossoming altar of Fedhas.
  1530 | D:2      | Found a shadowy altar of Dithmenos.
  2117 | D:2      | Found a runed translucent door.
  2118 | D:2      | Noticed Crazy Yiuf
  2134 | D:3      | Noticed Jessica
  2142 | D:3      | Killed Jessica
  2142 | D:3      | Reached XP level 4. HP: 37/37 MP: 3/9
  2286 | D:3      | Noticed Sigmund
  2302 | D:4      | Noticed a phantom
  2914 | D:4      | Killed from afar by an orc wizard

Skill      XL: |  1  2  3 |
---------------+----------+-----
Armour         | 1 2 |  2.1
Fighting       | 2 |  2.7
Long Blades    | 2 |  2.6
Dodging        | 2 |  2.7
Spellcasting   | |  1.7
Charms         | |  2.6

Action                   |  1- 3 |  4- 6 || total
-------------------------+-------+-------++-------
Melee: Falchion          |    80 |    55 ||   135
 Cast: Infusion          |     7 |     3 ||    10
  Use: Scroll            |     2 |     2 ||     4
 Stab: Sleeping          |     2 |       ||     2
  Eat: Chunk             |     2 |     3 ||     5
       Ration            |       |     1 ||     1
Armor: Leather armour    |    15 |       ||    15
       Scale mail        |    20 |    32 ||    52
Dodge: Dodged            |    46 |    15 ||    61
       Rpst.: Falchion   |    19 |     8 ||    27
